 Dungeon Crawl Stone Soup version 0.24.0-35-gdb84b6a5db (webtiles) character file.

Game seed: 17932833454539580975, levelgen mode: deterministic

821 Iamsoldier the Changer (level 7, 0/62 HPs)
             Began as a Red Draconian Transmuter on Nov 19, 2019.
             Was a Follower of Dithmenos.
             Slain by an orc wizard
             ... wielding a +0 dagger
              (2 damage)
             ... on level 4 of the Dungeon.
             The game lasted 00:14:08 (4170 turns).

Iamsoldier the Changer (Red Draconian Transmuter)   Turns: 4170, Time: 00:14:09

Health: 0/62       AC:  8    Str: 13    XL:     7   Next: 63%
Magic:  14/14      EV: 12    Int: 14    God:    Dithmenos [*.....]
Gold:   246        SH:  0    Dex: 12    Spells: 8/16 levels left

rFire    + . .     SeeInvis .     - Unarmed
rCold    . . .     Gourm    .   (no shield)
rNeg     . . .     Faith    .   (armour unavailable)
rPois    .         Spirit   .   (helmet restricted)
rElec    .         Reflect  .   D - +0 cloak
rCorr    .         Harm     .   (no gloves)
MR       .....                  g - +0 pair of boots
Stlth    +.........             (no amulet)
HPRegen  0.20/turn              (no ring)
MPRegen  0.14/turn              (no ring)

@: appendage, wreathed by umbra
A: breathe fire, unfitting armour, horns 2, fire resistance 1, cold-blooded, AC
+6
a: Breathe Fire, End Transformation, Renounce Religion


You were on level 4 of the Dungeon.
You worshipped Dithmenos.
Dithmenos was aware of your devotion.
You were hungry.
You had grown temporary horns.
You visited 1 branch of the dungeon, and saw 6 of its levels.

You collected 246 gold pieces.

Inventory:

Missiles
 a - 37 arrows
 o - 2 throwing nets (quivered)
Armour
 g - a +0 pair of boots (worn)
 D - a +0 cloak (worn)
Jewellery
 d - a cursed +3 ring of dexterity {unknown}
 h - an uncursed ring of ice
 q - an uncursed ring of protection from fire {unknown}
 r - a +3 ring of dexterity {unknown}
 w - an uncursed ring of wizardry {unknown}
 x - a +3 ring of strength {unknown}
 y - an uncursed ring of poison resistance {unknown}
Wands
 m - a wand of acid (8)
Scrolls
 b - 5 scrolls of identify
 f - 2 scrolls of magic mapping
 i - a scroll of immolation
 j - 2 scrolls of blinking
 n - 2 scrolls of fog
 s - a scroll of remove curse {unknown}
 u - a scroll of amnesia
 A - 2 scrolls of teleportation
Potions
 e - a potion of magic {unknown}
 k - a potion of resistance {unknown}
 l - 2 potions of lignification {unknown}
 p - a potion of agility {unknown}
 t - a potion of mutation {unknown}
 v - a potion of cancellation {unknown}
 z - a potion of heal wounds {unknown}
 B - a potion of ambrosia {unknown}
Comestibles
 c - 10 rations


   Skills:
 + Level 5.9 Fighting
 - Level 1.7 Dodging
 + Level 6.2 Unarmed Combat
 + Level 5.2 Spellcasting
 + Level 7.6 Transmutations
 * Level 2.2 Ice Magic


You had 8 spell levels left.
You knew the following spells:

 Your Spells              Type           Power        Failure   Level  Hunger
a - Beastly Appendage     Tmut           ####..       1%          1    None
b - Spider Form           Tmut/Pois      ##........   11%         3    ###....
c - Ice Form              Ice/Tmut       ###.....     22%         4    ####...

Your spell library contained the following spells:

 Spells                   Type           Power        Failure   Level  Hunger
 Sticks to Snakes         Tmut           ####....     1%          2    ##.....
 Blade Hands              Tmut           ####......   21%         5    ######.


Dungeon Overview and Level Annotations

Branches:
Dungeon (6/15)
 Temple: D:4-7

Altars:
Cheibriados
Dithmenos


Innate Abilities, Weirdness & Mutations

You can breathe blasts of fire.
Your fiery red scales are hard. (AC +6)
You cannot fit into any form of body armour.
Your flesh is heat resistant. (rF+)
You are cold-blooded and may be slowed by cold attacks.
You have a pair of horns on your head.


Message History

Casting: Spider Form (safe; 26% risk of failure)
Confirm with . or Enter, or press ? or * to list all spells.
Your transformation has ended.
Your +0 cloak unmelds from your body.
Your +0 pair of boots unmelds from your body.
You grow a pair of large bovine horns.
Something hits you but does no damage.
You start resting.
Something hits you but does no damage.
You start resting.
Something hits you but does no damage.
You start resting.
Something hits you but does no damage.
You miss something.
Your tail-slap misses something.
You hear some strange, mumbled words.
A magic dart appears from out of thin air!
The magic dart hits you.
* * * LOW HITPOINT WARNING * * *
You punch something! Your headbutt misses something. Something hits you.
* * * LOW HITPOINT WARNING * * *
You closely miss something.
Your tail-slap misses something.
Something hits you but does no damage.
You miss something. Something hits you.
You die...

.....##...#..
....o.....#.#####
................ .#
.....o...........##.#
..............##....
...............#..#
..........#.# ..#
.......?..#.###..###..
........<...@).......
.......####.{.#..##.#
....... ###.$.....#
....... ##.#......
....... %.# #.###
.)..... .### ..
......# .# .. .# . .#
.


There were no monsters in sight!

Vanquished Creatures
  A sky beast (D:5)
  3 ogres (D:5)
  A scorpion (D:5)
  3 orc wizards
  2 bullfrog skeletons (D:5)
  A worker ant (D:4)
  A mummy (D:5)
  A gnoll (D:5)
  9 adders
  3 oozes
  3 dart slugs
  2 leopard geckos
  8 orcs
  2 ball pythons
  4 giant cockroaches
  13 goblins
  6 hobgoblins
  8 jackals
  7 kobolds
  A quokka (D:5)
  8 bats
  4 frilled lizards
  2 quokka skeletons
  6 rats
99 creatures vanquished.

Notes
Turn   | Place    | Note
-------+----------+-------------------------------------------
     0 | D:1      | Iamsoldier the Draconian Transmuter began the quest for the
                  | Orb.
     0 | D:1      | Reached XP level 1. HP: 16/16 MP: 3/3
    70 | D:1      | Reached XP level 2. HP: 9/23 MP: 3/5
   576 | D:1      | Reached XP level 3. HP: 27/29 MP: 6/6
   943 | D:2      | Learned a level 3 spell: Spider Form
  1070 | D:2      | Reached skill level 5 in Fighting
  1070 | D:2      | Reached skill level 5 in Unarmed Combat
  1070 | D:2      | Reached skill level 7 in Transmutations
  1070 | D:2      | Reached XP level 4. HP: 42/42 MP: 6/10
  1526 | D:3      | Reached XP level 5. HP: 44/48 MP: 10/12
  1540 | D:3      | Learned a level 4 spell: Ice Form
  1874 | D:3      | Found a shadowy altar of Dithmenos.
  1922 | D:3      | Became a worshipper of Dithmenos the Shadowed
  2319 | D:3      | You fall into a shaft and drop 3 floors!
  2340 | D:6      | Noticed an ogre
  2394 | D:6      | Noticed a sky beast
  2399 | D:5      | Entered Level 5 of the Dungeon
  2406 | D:5      | Killed an ogre
  2406 | D:5      | Reached skill level 5 in Spellcasting
  2406 | D:5      | Reached skill level 1 in Ice Magic
  2411 | D:5      | Reached XP level 6. HP: 35/56 MP: 8/13
  2815 | D:5      | Noticed a sky beast
  2823 | D:5      | Killed a sky beast
  2823 | D:5      | Your scales start taking on a fiery red colour.
  2823 | D:5      | Reduced skill Ice Magic to level 1
  2823 | D:5      | Reached XP level 7. HP: 62/62 MP: 10/14
  2823 | D:5      | Gained mutation: Your flesh is heat resistant. (rF+) [Red
                  | Draconian growth]
  2875 | D:5      | Found a snail-covered altar of Cheibriados.
  2907 | D:5      | Found a snail-covered altar of Cheibriados.
  4141 | D:4      | Reached * piety under Dithmenos
  4168 | D:4      | HP: 2/62 [something (5)]
  4170 | D:4      | Slain by an orc wizard

Levels and vault maps discovered:
D:1:      lemuel_arrival_hallway, layout_rooms, chequers_serial_rivers_micro_b
D:2:      layout_loops_cross, kennysheep_generic_room_4
D:3:      layout_loops_ring, hangedman_abyss_or_decor_stabs,
          kennysheep_pointless_box, nicolae_dithmenos_shadow_blocks
D:4:      layout_rooms, minmay_temple_entry_waves, lemuel_statue_altar
D:5:      layout_rooms, slow_altar_2, first_ration, basic_altar,
          serial_bayou_pond_d
D:6:      layout_loops_ring, serial_glass, glass_columns_b, glass_columns_c,
          glass_columns_a, glass_columns_a, glass_columns_a, glass_columns_c

Skill      XL: |  1  2  3  4  5  6  7 |
---------------+----------------------+-----
Fighting       | 5 |  5.9
Unarmed Combat | 5 6 |  6.2
Spellcasting   | 4 5 |  5.2
Transmutations | 7 |  7.6
Ice Magic      | 1 1 2 |  2.2
Dodging        | |  1.7

Action                   |  1- 3 |  4- 6 |  7- 9 || total
-------------------------+-------+-------+-------++-------
Melee: Unarmed           |    90 |   171 |    78 ||   339
       Tailslap          |     6 |    17 |     3 ||    26
       Headbutt          |     5 |    10 |     7 ||    22
       Punch             |       |     1 |     3 ||     4
 Cast: Beastly Appendage |     6 |    11 |     7 ||    24
       Spider Form       |       |     4 |     2 ||     6
  Use: Scroll            |     1 |     4 |     2 ||     7
       Potion            |     1 |       |       ||     1
 Stab: Distracted        |     1 |       |       ||     1
       Sleeping          |       |     1 |       ||     1
  Eat: Chunk             |     1 |     6 |       ||     7
       Ration            |       |       |     1 ||     1
Armor: Skin              |    26 |    51 |    30 ||   107
Dodge: Dodged            |    67 |   118 |    52 ||   237
